 Dungeon Crawl Stone Soup version 0.21.1-1-g345015f (webtiles) character file.

16622 letownia2 the Thaumaturge (level 12, -24/94 HPs)
             Began as a Gnoll Skald on Feb 27, 2018.
             Was a High Priest of Cheibriados.
             Annihilated by an orc knight
             ... wielding a +3 great mace of protection
              (31 damage)
             ... on level 1 of the Orcish Mines.
             The game lasted 00:33:52 (3698 turns).

letownia2 the Thaumaturge (Gnoll Skald)             Turns: 3698, Time: 00:33:53

Health: -24/94     AC: 17    Str: 27    XL:     12   Next: 39%
Magic:  20/24      EV: 25    Int: 33    God:    Cheibriados [*****.]
Gold:   605        SH:  8    Dex: 32    Spells: 16/28 levels left

rFire    + + .     SeeInvis .   b - +6 hand axe "Imp's Demise" {flame, rF+ MR- Dex+4}
rCold    + . .     Gourm    .   k - +0 buckler
rNeg     . . .     Faith    .   N - +4 scale mail
rPois    .         Spirit   .   A - +1 helmet
rElec    .         Reflect  .   G - scarf {rC+ rF+}
rCorr    .         Harm     .   r - +0 pair of gloves
MR       .....                  h - +0 pair of boots
Stlth    +++.......             y - amulet of rage
HPRegen  1.25/turn              n - +5 ring of evasion
MPRegen  0.19/turn              (no ring)

@: regenerating, very slow
A: distributed training, fangs 1, strong nose
a: Bend Time, Temporal Distortion, Slouch, Step From Time, Renounce Religion,
Evoke Berserk Rage


You were on level 1 of the Orcish Mines.
You worshipped Cheibriados.
Cheibriados was extremely pleased with you.
You were not hungry.

You visited 2 branches of the dungeon, and saw 12 of its levels.
You also visited: Ossuary.

You collected 695 gold pieces.
You spent 90 gold pieces at shops.

Inventory:

Hand Weapons
 a - a +2 war axe of freezing
 b - the +6 hand axe "Imp's Demise" (weapon) {flame, rF+ MR- Dex+4}
   (You found it on level 1 of the Orcish Mines)

   It has been specially enchanted to burn those struck by it, causing extra
   injury to most foes and up to half again as much damage against particularly
   susceptible opponents.
   Big, fiery blades are also staple armaments of hydra-hunters.
   It affects your dexterity (+4).
   It protects you from fire.
   It affects your resistance to hostile enchantments.
 e - a +2 broad axe of chopping
 f - a +0 hand axe of electrocution
 I - a +0 scimitar
 K - a +0 spear
 T - a +0 flail of holy wrath
 U - a +2 hand axe of flaming
Missiles
 P - 6 tomahawks (quivered)
Armour
 g - a cursed +0 chain mail
 h - a +0 pair of boots (worn)
 k - a +0 buckler (worn)
 r - a +0 pair of gloves (worn)
 v - the +2 ring mail of Weightlessness {rF+}
   (You found it on level 5 of the Dungeon)

   It protects you from fire.
 A - a +1 helmet (worn)
 G - a scarf of resistance (worn)
 N - a +4 scale mail (worn)
 Q - a +0 shield
Jewellery
 n - a +5 ring of evasion (left hand)
 y - an amulet of rage (around neck)
Wands
 s - a wand of paralysis (9)
 E - a wand of flame (16)
Scrolls
 j - a scroll of immolation {unknown}
 l - a scroll of fog {unknown}
 m - 2 scrolls of remove curse
 t - a scroll of enchant armour {unknown}
 u - a scroll of vulnerability {unknown}
 D - 2 scrolls of magic mapping {unknown}
 F - 2 scrolls of amnesia {unknown}
 H - a scroll of silence {unknown}
 L - 2 scrolls of noise {unknown}
 O - a scroll of enchant weapon {unknown}
 S - 2 scrolls of fear
Potions
 i - 6 potions of curing {unknown}
 o - a potion of agility
 p - 3 potions of degeneration {unknown}
 q - 5 potions of heal wounds
 w - 2 potions of flight {unknown}
 z - 2 potions of haste
 B - a potion of magic
 C - a potion of brilliance
 R - a potion of invisibility
Books
 c - a book of Battle

   Spells                             Type                      Level
   a - Infusion                       Charms                       1
   b - Shroud of Golubria             Charms/Translocation         2
   c - Song of Slaying                Charms                       2
   d - Spectral Weapon                Hexes/Charms                 3
   e - Regeneration                   Charms/Necromancy            3
 M - a book of Necromancy

   Spells                             Type                      Level
   a - Pain                           Necromancy                   1
   b - Animate Skeleton               Necromancy                   1
   c - Vampiric Draining              Necromancy                   3
   d - Regeneration                   Charms/Necromancy            3
   e - Animate Dead                   Necromancy                   4
   f - Borgnjor's Vile Clutch         Necromancy/Earth             5
Comestibles
 d - 8 rations


   Skills:
 + Level 8.5 Fighting
 + Level 7.1 Short Blades
 + Level 7.1 Long Blades
 + Level 7.1 Axes
 + Level 7.1 Maces & Flails
 + Level 8.5 Polearms
 + Level 7.1 Staves
 + Level 7.1 Slings
 + Level 7.1 Bows
 + Level 7.1 Crossbows
 + Level 7.1 Throwing
 + Level 7.6 Armour
 + Level 8.5 Dodging
 + Level 7.1 Stealth
 + Level 7.1 Shields
 + Level 7.1 Unarmed Combat
 + Level 8.8 Spellcasting
 + Level 5.9 Conjurations
 + Level 5.9 Hexes
 + Level 8.1 Charms
 + Level 5.9 Summonings
 + Level 5.9 Necromancy
 + Level 5.9 Translocations
 + Level 5.9 Transmutations
 + Level 5.9 Fire Magic
 + Level 5.9 Ice Magic
 + Level 5.9 Air Magic
 + Level 5.9 Earth Magic
 + Level 5.9 Poison Magic
 + Level 7.8 Invocations
 + Level 7.1 Evocations


You had 16 spell levels left.
You knew the following spells:

 Your Spells              Type           Power        Failure   Level  Hunger
a - Infusion              Chrm           ####         1%          1    None
g - Regeneration          Chrm/Necr      ######....   1%          3    None
k - Animate Skeleton      Necr           N/A          1%          1    None
l - Song of Slaying       Chrm           ######..     1%          2    None
t - Shroud of Golubria    Chrm/Tloc      ######....   1%          2    None
x - Spectral Weapon       Hex/Chrm       ######..     1%          3    None


Dungeon Overview and Level Annotations

Branches:
Dungeon (10/15)              Lair (0/6) D:8             Orc (2/2) D:10
    Elf (0/3) Orc:2
 Temple: D:4-7

Altars:
Cheibriados
Dithmenos
Elyvilon
Hepliaklqana
Trog
Vehumet

Shops:
D:8 %   D:10 *

Annotations:
D:8 exclusion: statue


Innate Abilities, Weirdness & Mutations

Your experience applies equally to all skills.
You have very sharp teeth.
Your uncanny sense of smell can sniff out nearby items.


Message History

The orc knight is almost dead.
You slash the orc knight! You burn the orc knight.
Your spectral weapon hits the orc knight but does no damage.
The orc knight completely misses your spectral weapon.
The orc knight completely misses you.
Unknown command.
You hit the orc knight but do no damage.
The orc knight is almost dead.
You hit the orc knight but do no damage.
Your spectral weapon hits the orc knight but does no damage.
The orc knight completely misses you.
The orc knight hits you with a dire flail!!
* * * LOW HITPOINT WARNING * * *
Unknown command.
You hit the orc knight. You burn the orc knight.
The orc knight is almost dead.
You closely miss the orc knight.
Your spectral weapon hits the orc knight but does no damage.
The orc knight hits you with a great mace of protection!!
You die...

####...........#
##.####....[##.##
#....#.....#.###
#.....#.......# .##
##............# ...#
##.#......[....##...#
#.......[....[..)...#
#.......([)[[.)...##
##.......o@)[[....##
#........[o[[....#.#
##........).[.......#
#.#...#..).........##
...............#...##
.#..........[.......#
##.....#..............#
##.#.###.............#
#### #........#.....


You could see 2 orc knights and a friendly spectral hand axe "Imp's Demise"
{flame, rF+ MR- Dex+4}.

Vanquished Creatures
  An orc warlord (Orc:2)
  A stone giant (Orc:2)
  A two-headed ogre (D:9)
  2 orc high priests (Orc:1)
  3 orc knights
  A cyclops (Orc:1)
  3 orc sorcerers
  2 trolls
  Grinder (D:3)
  A wraith (D:10)
  Eustachio (D:4)
  A hungry ghost (D:8)
  13 yaks
  5 wargs
  19 orc warriors
  3 porcupines (D:8)
  3 sky beasts
  2 ice beasts
  9 ogres
  5 crocodiles
  An elf zombie (Ossuary)
  7 bullfrogs
  2 scorpions
  A water moccasin skeleton (D:9)
  4 howler monkeys (D:8)
  3 centaur zombies
  2 crimson imps
  12 orc priests
  2 bullfrog zombies
  2 hounds
  A human zombie (Ossuary)
  A jelly (D:10)
  4 bullfrog skeletons
  A centaur skeleton (D:10)
  Jessica (D:3)
  2 iguanas
  5 worker ants
  16 orc wizards
  A big kobold zombie (Ossuary)
  A hound zombie (D:6)
  A hound skeleton (D:4)
  2 mummies (Ossuary)
  A worker ant zombie (D:4)
  3 gnolls (Orc:2)
  5 adders
  An ooze (D:1)
  2 adder skeletons
  2 worms
  A dart slug (D:2)
  3 leopard geckos
  71 orcs
  2 giant cockroaches
  7 goblins
  A hobgoblin (D:1)
  2 jackals (D:8)
  A quokka (D:7)
  A bat (D:2)
  2 frilled lizards (D:2)
  4 goblin zombies (Ossuary)
  10 hobgoblin zombies (Ossuary)
  3 kobolds
  11 kobold zombies (Ossuary)
  A leopard gecko skeleton (D:4)
  6 orc zombies (Ossuary)
  A rat (D:1)
  A rat zombie (Ossuary)
291 creatures vanquished.

Vanquished Creatures (others)
  An orc wizard (D:10)
  3 fungi (D:8)
  3 plants (D:8)
  9 spectral weapons
16 creatures vanquished.

Grand Total: 307 creatures vanquished

Notes
Turn   | Place    | Note
-------+----------+-------------------------------------------
     0 | D:1      | letownia2 the Gnoll Skald began the quest for the Orb.
     0 | D:1      | Reached XP level 1. HP: 20/20 MP: 6/6
    26 | D:1      | Reached XP level 2. HP: 24/26 MP: 2/7
    30 | D:1      | Learned a level 2 spell: Song of Slaying
    33 | D:1      | Learned a level 2 spell: Shroud of Golubria
   116 | D:2      | Reached XP level 3. HP: 19/31 MP: 0/9
   126 | D:2      | Reached skill level 5 in Spellcasting
   126 | D:2      | Reached skill level 1 in Invocations
   138 | D:2      | Learned a level 3 spell: Regeneration
   142 | D:2      | Learned a level 3 spell: Spectral Weapon
   179 | D:1      | Reached skill level 1 in Short Blades
   179 | D:1      | Reached skill level 1 in Long Blades
   179 | D:1      | Reached skill level 1 in Axes
   179 | D:1      | Reached skill level 1 in Maces & Flails
   179 | D:1      | Reached skill level 1 in Staves
   179 | D:1      | Reached skill level 1 in Slings
   179 | D:1      | Reached skill level 1 in Bows
   179 | D:1      | Reached skill level 1 in Crossbows
   179 | D:1      | Reached skill level 1 in Throwing
   179 | D:1      | Reached skill level 1 in Stealth
   179 | D:1      | Reached skill level 1 in Shields
   179 | D:1      | Reached skill level 1 in Unarmed Combat
   179 | D:1      | Reached skill level 1 in Evocations
   236 | D:2      | Reached XP level 4. HP: 25/38 MP: 8/11
   300 | D:3      | Found a hazy altar of Hepliaklqana.
   300 | D:3      | Noticed Jessica
   309 | D:3      | Killed Jessica
   327 | D:3      | Reached skill level 1 in Conjurations
   327 | D:3      | Reached skill level 1 in Hexes
   327 | D:3      | Reached skill level 1 in Summonings
   327 | D:3      | Reached skill level 1 in Necromancy
   327 | D:3      | Reached skill level 1 in Translocations
   327 | D:3      | Reached skill level 1 in Transmutations
   327 | D:3      | Reached skill level 1 in Fire Magic
   327 | D:3      | Reached skill level 1 in Ice Magic
   327 | D:3      | Reached skill level 1 in Air Magic
   327 | D:3      | Reached skill level 1 in Earth Magic
   327 | D:3      | Reached skill level 1 in Poison Magic
   366 | D:3      | Noticed Grinder
   378 | D:3      | Killed Grinder
   378 | D:3      | Reached XP level 5. HP: 43/43 MP: 7/12
   378 | D:3      | Reached XP level 6. HP: 50/50 MP: 8/14
   490 | D:4      | Reached skill level 5 in Fighting
   490 | D:4      | Reached skill level 5 in Polearms
   490 | D:4      | Reached skill level 5 in Dodging
   561 | D:4      | Noticed Eustachio
   618 | D:4      | Killed Eustachio
   618 | D:4      | Reached XP level 7. HP: 26/56 MP: 7/15
   667 | D:4      | Found a white marble altar of Elyvilon.
   893 | D:4      | Found a snail-covered altar of Cheibriados.
   893 | D:4      | Found a shadowy altar of Dithmenos.
   905 | D:4      | Became a worshipper of Cheibriados the Contemplative
  1042 | D:5      | Entered Level 5 of the Dungeon
  1095 | D:5      | Got a steaming ring mail
  1106 | D:5      | Identified the +2 ring mail of Weightlessness {rF+} (You found it on level 5 of the Dungeon)
  1153 | D:5      | Reached XP level 8. HP: 54/63 MP: 9/16
  1169 | D:6      | Found a hazy altar of Hepliaklqana.
  1178 | D:6      | Found a bloodstained altar of Trog.
  1212 | D:6      | Found a sand-covered staircase.
  1217 | Ossuary  | Entered an ossuary
  1241 | Ossuary  | Reached * piety under Cheibriados
  1358 | Ossuary  | Reached ** piety under Cheibriados
  1680 | D:8      | Reached XP level 9. HP: 56/69 MP: 9/18
  1689 | D:8      | Reached *** piety under Cheibriados
  1788 | D:8      | Reached skill level 5 in Armour
  1831 | D:8      | Reached skill level 5 in Invocations
  1854 | D:8      | Found a staircase to the Lair.
  1876 | D:8      | Reached XP level 10. HP: 47/77 MP: 0/20
  1891 | D:8      | Reached **** piety under Cheibriados
  2077 | D:10     | Entered Level 10 of the Dungeon
  2170 | D:10     | Found Goas's Assorted Antiques.
  2202 | D:10     | Reached skill level 5 in Short Blades
  2202 | D:10     | Reached skill level 5 in Long Blades
  2202 | D:10     | Reached skill level 5 in Axes
  2202 | D:10     | Reached skill level 5 in Maces & Flails
  2202 | D:10     | Reached skill level 5 in Staves
  2202 | D:10     | Reached skill level 5 in Slings
  2202 | D:10     | Reached skill level 5 in Bows
  2202 | D:10     | Reached skill level 5 in Crossbows
  2202 | D:10     | Reached skill level 5 in Throwing
  2202 | D:10     | Reached skill level 5 in Stealth
  2202 | D:10     | Reached skill level 5 in Shields
  2202 | D:10     | Reached skill level 5 in Unarmed Combat
  2202 | D:10     | Reached skill level 5 in Evocations
  2244 | D:10     | Bought a scroll labeled XICIGE VI ISH for 30 gold pieces
  2244 | D:10     | Bought a scroll labeled VIWIODAMOD for 30 gold pieces
  2244 | D:10     | Bought a scroll labeled PEIXIC UKHET for 30 gold pieces
  2327 | D:10     | Found a staircase to the Orcish Mines.
  2480 | Orc:1    | Entered Level 1 of the Orcish Mines
  2521 | Orc:1    | Noticed an orc knight
  2539 | D:10     | Reached ***** piety under Cheibriados
  2642 | D:8      | Found a radiant altar of Vehumet.
  2723 | D:8      | Found Arghi's Food Shoppe.
  2834 | D:9      | Reached XP level 11. HP: 78/84 MP: 19/22
  2860 | D:9      | Learned a level 1 spell: Animate Skeleton
  2963 | D:9      | Noticed a two-headed ogre
  2973 | D:9      | Killed a two-headed ogre
  3165 | Orc:1    | Killed an orc knight
  3165 | Orc:1    | Reached skill level 5 in Conjurations
  3165 | Orc:1    | Reached skill level 5 in Hexes
  3165 | Orc:1    | Reached skill level 5 in Summonings
  3165 | Orc:1    | Reached skill level 5 in Necromancy
  3165 | Orc:1    | Reached skill level 5 in Translocations
  3165 | Orc:1    | Reached skill level 5 in Transmutations
  3165 | Orc:1    | Reached skill level 5 in Fire Magic
  3165 | Orc:1    | Reached skill level 5 in Ice Magic
  3165 | Orc:1    | Reached skill level 5 in Air Magic
  3165 | Orc:1    | Reached skill level 5 in Earth Magic
  3165 | Orc:1    | Reached skill level 5 in Poison Magic
  3217 | Orc:2    | Entered Level 2 of the Orcish Mines
  3222 | Orc:2    | Noticed a stone giant
  3247 | Orc:2    | Noticed an orc knight
  3249 | Orc:2    | Killed a stone giant
  3259 | Orc:2    | Killed an orc knight
  3283 | Orc:2    | Reached ****** piety under Cheibriados
  3319 | Orc:1    | Noticed an orc sorcerer
  3341 | Orc:2    | Found a staircase to the Elven Halls.
  3414 | Orc:2    | Noticed an orc sorcerer
  3426 | Orc:2    | Killed an orc sorcerer
  3436 | Orc:1    | Noticed an orc sorcerer
  3436 | Orc:1    | Noticed an orc warlord
  3436 | Orc:1    | Noticed an orc sorcerer
  3440 | Orc:1    | Noticed an orc high priest
  3441 | Orc:1    | Killed an orc sorcerer
  3443 | Orc:1    | Killed an orc sorcerer
  3443 | Orc:1    | Reached XP level 12. HP: 84/93 MP: 17/24
  3444 | Orc:1    | Killed an orc high priest
  3453 | Orc:2    | Killed an orc warlord
  3517 | Orc:1    | Got a bloodstained hand axe
  3518 | Orc:1    | Identified the +6 hand axe "Imp's Demise" {flame, rF+ MR- Dex+4} (You found it on level 1 of the Orcish Mines)
  3590 | Orc:2    | Noticed an orc high priest
  3601 | Orc:2    | Noticed an orc high priest
  3602 | Orc:2    | Noticed an orc high priest
  3616 | Orc:1    | Noticed a sun demon
  3623 | Orc:1    | Killed an orc high priest
  3683 | Orc:2    | Noticed a sun demon
  3698 | Orc:1    | Annihilated by an orc knight

Skill      XL: |  1  2  3  4  5  6  7  8  9 10 11 12 |
---------------+-------------------------------------+-----
Spellcasting   | 5 6 7 8 |  8.8
Invocations    | 1 2 3 4 5 6 7 |  7.8
Short Blades   | 1 2 3 4 5 6 7 |  7.1
Long Blades    | 1 2 3 4 5 6 7 |  7.1
Axes           | 1 2 3 4 5 6 7 |  7.1
Maces & Flails | 1 2 3 4 5 6 7 |  7.1
Staves         | 1 2 3 4 5 6 7 |  7.1
Slings         | 1 2 3 4 5 6 7 |  7.1
Bows           | 1 2 3 4 5 6 7 |  7.1
Crossbows      | 1 2 3 4 5 6 7 |  7.1
Throwing       | 1 2 3 4 5 6 7 |  7.1
Stealth        | 1 2 3 4 5 6 7 |  7.1
Shields        | 1 2 3 4 5 6 7 |  7.1
Unarmed Combat | 1 2 3 4 5 6 7 |  7.1
Evocations     | 1 2 3 4 5 6 7 |  7.1
Conjurations   | 1 2 3 4 5 |  5.9
Hexes          | 1 2 3 4 5 |  5.9
Summonings     | 1 2 3 4 5 |  5.9
Necromancy     | 1 2 3 4 5 |  5.9
Translocations | 1 2 3 4 5 |  5.9
Transmutations | 1 2 3 4 5 |  5.9
Fire Magic     | 1 2 3 4 5 |  5.9
Ice Magic      | 1 2 3 4 5 |  5.9
Air Magic      | 1 2 3 4 5 |  5.9
Earth Magic    | 1 2 3 4 5 |  5.9
Poison Magic   | 1 2 3 4 5 |  5.9
Armour         | 3 4 5 6 7 |  7.6
Fighting       | 5 6 7 8 |  8.5
Polearms       | 5 6 7 8 |  8.5
Dodging        | 5 6 7 8 |  8.5
Charms         | 6 7 8 |  8.1

Action                   |  1- 3 |  4- 6 |  7- 9 | 10-12 || total
-------------------------+-------+-------+-------+-------++-------
Melee: Spear             |    43 |   139 |   401 |   352 ||   935
       Bite              |     3 |    10 |    51 |   112 ||   176
       War axe           |       |       |       |    61 ||    61
       Hand axe          |       |       |       |    22 ||    22
 Cast: Infusion          |     4 |       |     1 |     1 ||     6
       Shroud of Golubri |     1 |     6 |    13 |    21 ||    41
       Spectral Weapon   |       |     4 |    25 |    40 ||    69
       Song of Slaying   |       |     3 |    12 |    13 ||    28
       Regeneration      |       |     1 |     4 |    14 ||    19
Invok: Slouch            |       |       |       |     3 ||     3
Evoke: Wand              |       |       |       |    13 ||    13
  Use: Scroll            |       |       |       |    10 ||    10
       Potion            |       |       |       |     2 ||     2
 Stab: Sleeping          |       |     1 |     1 |     3 ||     5
       Distracted        |       |       |     6 |    10 ||    16
       Paralysed         |       |       |       |    14 ||    14
  Eat: Chunk             |       |       |     4 |     5 ||     9
Armor: Leather armour    |     4 |    18 |     3 |       ||    25
       Ring mail         |       |       |    56 |    30 ||    86
       Scale mail        |       |       |       |    33 ||    33
Dodge: Dodged            |    19 |    91 |   228 |   333 ||   671
Block: Buckler           |       |    11 |    75 |   147 ||   233
